 Dungeon Sprint DCSS version 0.22-a0-348-gd16d139 (webtiles) character file.

247 emperorscorpion the Archer (level 5, 0/46 HPs)
             Began as a Centaur Hunter on Apr 10, 2018.
             Was an Initiate of Okawaru.
             Slain by a hippogriff (8 damage)
             ... in the Dungeon (Sprint IX: "|||||||||||||||||||||||||||||").
             The game lasted 00:01:28 (420 turns).

emperorscorpion the Archer (Centaur Hunter)          Turns: 420, Time: 00:01:29

Health: 0/46       AC:  6    Str: 14    XL:     5   Next: 85%
Magic:  5/5        EV: 12    Int: 10    God:    Okawaru [......]
Gold:   0          SH:  0    Dex: 11    Spells: 4/4 levels left

rFire    . . .     SeeInvis .   a - +2 rapier (elec)
rCold    . . .     Gourm    .   (no shield)
rNeg     . . .     Faith    .   c - +0 leather armour
rPois    .         Spirit   .   (no helmet)
rElec    .         Reflect  .   (no cloak)
rCorr    .         Harm     .   (no gloves)
MR       .....     NoTele   +   (no barding)
Stlth    +.........             (no amulet)
HPRegen  0.15/turn              u - +2 ring of evasion
MPRegen  0.09/turn              v - +2 ring of protection

@: very quick
A: large, hooves 3, deformed body, speed 2, tough skin 3
a: Renounce Religion


You were in the Dungeon.
You worshipped Okawaru.
Okawaru was noncommittal.
You were not hungry.

You visited 1 branch

Inventory:

Hand Weapons
 a - a +2 rapier of electrocution (weapon)
 b - a +0 short sword
 p - a +1 shortbow
 q - the +3 war axe "Ciyr" {venom, *Slow rC+ MR+}
   (You found it in the Dungeon)

   It poisons the flesh of those it strikes.
   It protects you from cold.
   It affects your resistance to hostile enchantments.
   It may slow you when you take damage.
Missiles
 d - 40 arrows
Armour
 c - a +0 leather armour (worn)
 r - a +0 helmet
 s - a +0 pair of boots
 t - a +1 chain mail
Magical Staves
 o - an uncursed staff of energy
Jewellery
 u - a +2 ring of evasion (left hand)
 v - a +2 ring of protection (right hand)
Wands
 n - a wand of acid (7)
Scrolls
 k - 2 scrolls of blinking
 l - 3 scrolls of remove curse
 m - 2 scrolls of amnesia
Potions
 e - 5 potions of curing
 g - 2 potions of heal wounds
 h - a potion of haste
 i - 4 potions of magic
 j - a potion of invisibility
Comestibles
 f - a ration


   Skills:
 + Level 4.3 Fighting
 + Level 3.6 Short Blades
 + Level 12.9 Bows
 + Level 2.1 Armour
 + Level 3.0 Dodging
 + Level 0.9 Stealth


You had 4 spell levels left.
You didn't know any spells.

Dungeon Overview and Level Annotations

Branches:
Dungeon (1/1)

Altars:
Cheibriados
Dithmenos
Elyvilon
Fedhas
Gozag
Hepliaklqana
Kikubaaqudgha
Makhleb
Nemelex Xobeh
Okawaru
Qazlal
Ru
Sif Muna
Trog
Uskayaw
Vehumet
Wu Jian
Xom
Yredelemnul
Zin
The Shining One
Beogh
Jiyva
Lugonu


Innate Abilities, Weirdness & Mutations

You have hooves in place of feet.
Armour fits poorly on your strangely shaped body.
You cover ground very quickly.
You have extremely tough skin. (AC +3)


Message History

The hippogriff pecks you but does no damage.
The hippogriff claws you.
You puncture the hippogriff! Your kick misses the hippogriff.
The hippogriff is heavily wounded.
The hippogriff bites you but does no damage.
The hippogriff pecks you but does no damage.
The hippogriff closely misses you.
You hit the hippogriff. Your kick misses the hippogriff.
The hippogriff is severely wounded.
The hippogriff bites you!
* * * LOW HITPOINT WARNING * * *
The hippogriff closely misses you.
The hippogriff claws you but does no damage.
You hit the hippogriff but do no damage.
The hippogriff is severely wounded.
The hippogriff bites you but does no damage.
The hippogriff pecks you.
* * * LOW HITPOINT WARNING * * *
The hippogriff claws you!
You die...

▓+▓
▓.▓
▓.▓
▓.▓
▓)▓
▓H▓
▓@▓
▓†▓
▓.▓
▓.▓
▓.▓
▓.▓
▓.▓
▓)▓
▓.▓


You could see a hippogriff.

Vanquished Creatures
  A sky beast (D)
  A centaur (D)
  A crimson imp (D)
  A worker ant (D)
  An adder (D)
  3 orcs (D)
  A bat (D)
  A bat skeleton (D)
  A jackal (D)
  A frilled lizard (D)
  2 goblins (D)
  A kobold (D)
15 creatures vanquished.

Notes
Turn   | Place    | Note
-------+----------+-------------------------------------------
     0 | D        | emperorscorpion the Centaur Hunter began the quest for the Orb.
     0 | D        | Reached XP level 1. HP: 17/17 MP: 1/1
    11 | D        | Reached skill level 6 in Bows
    71 | D        | Noticed a crimson imp
    71 | D        | Noticed a worker ant
    71 | D        | Noticed a centaur
    77 | D        | Killed a crimson imp
    77 | D        | Reached skill level 1 in Short Blades
    77 | D        | Reached skill level 8 in Bows
    77 | D        | Reached XP level 2. HP: 26/26 MP: 2/2
    77 | D        | Reached XP level 3. HP: 31/31 MP: 3/3
    80 | D        | Reached skill level 9 in Bows
    84 | D        | Killed a centaur
    84 | D        | Reached skill level 11 in Bows
    84 | D        | Reached skill level 1 in Armour
    84 | D        | Reached XP level 4. HP: 19/40 MP: 4/4
    88 | D        | Reached XP level 5. HP: 11/46 MP: 5/5
    97 | D        | Found a roughly hewn altar of Beogh.
    97 | D        | Found a snail-covered altar of Cheibriados.
    97 | D        | Found a shadowy altar of Dithmenos.
    97 | D        | Found a white marble altar of Elyvilon.
    97 | D        | Found a blossoming altar of Fedhas.
    97 | D        | Found an opulent altar of Gozag.
    98 | D        | Found a hazy altar of Hepliaklqana.
    99 | D        | Found a viscous altar of Jiyva.
   100 | D        | Found an ancient bone altar of Kikubaaqudgha.
   101 | D        | Found a corrupted altar of Lugonu.
   102 | D        | Found a burning altar of Makhleb.
   103 | D        | Found a sparkling altar of Nemelex Xobeh.
   104 | D        | Found an iron altar of Okawaru.
   105 | D        | Found a stormy altar of Qazlal.
   106 | D        | Found a sacrificial altar of Ru.
   107 | D        | Found a deep blue altar of Sif Muna.
   108 | D        | Found a bloodstained altar of Trog.
   109 | D        | Found a hide-covered altar of Uskayaw.
   110 | D        | Found a radiant altar of Vehumet.
   111 | D        | Found an ornate altar of the Wu Jian Council.
   112 | D        | Became a worshipper of Warmaster Okawaru
   113 | D        | Found a shimmering altar of Xom.
   113 | D        | HP: 2/46 [poisoned by a worker ant]
   114 | D        | Found a basalt altar of Yredelemnul.
   115 | D        | Found a glowing silver altar of Zin.
   116 | D        | Found a glowing golden altar of the Shining One.
   134 | D        | Got the +3 war axe "Ciyr" {venom, *Slow rC+ MR+}
   403 | D        | Noticed a hippogriff
   403 | D        | Noticed a sky beast
   406 | D        | Killed a sky beast
   406 | D        | Reached skill level 12 in Bows
   416 | D        | HP: 2/46 [hippogriff (6)]
   420 | D        | Slain by a hippogriff

Vault maps used:
D:        linesprint

Skill      XL: |  1  2  3  4  5 |
---------------+----------------+-----
Bows           | 8 11 12 | 12.9
Fighting       | 3 4 |  4.3
Short Blades   | 1 2 3 |  3.6
Dodging        | 2 3 |  3.0
Armour         | 1 2 |  2.1
Stealth        | |  0.9

Action                   |  1- 3 |  4- 6 || total
-------------------------+-------+-------++-------
Melee: Short sword       |    26 |     4 ||    30
       Kick              |     4 |     2 ||     6
       Rapier            |       |    11 ||    11
Evoke: Wand              |       |     3 ||     3
  Use: Potion            |     1 |     1 ||     2
Armor: Leather armour    |    11 |    11 ||    22
Dodge: Dodged            |    12 |    13 ||    25

Table legend:
 A = Spawn XP
 B = Non-spawn XP
 C = Spawn XP percentage of total XP
 D = Spawn monster count
 E = Non-spawn monster count
 F = Spawn count percentage of total count
 G = Total turns spent on level
                    A         B        C        D         E        F      G
               +---------+---------+-------+---------+---------+-------+---------
         Total |       0 |     354 |   0.0 |       0 |      15 |   0.0 |   420
               +---------+---------+-------+---------+---------+-------+---------
             D |       0 |     354 |   0.0 |       0 |      15 |   0.0 |   420
               +---------+---------+-------+---------+---------+-------+---------
